 Dungeon Crawl Stone Soup version 0.25-a0-316-gd28d56f9c5 (webtiles) character file.

Game seed: 10883985540811431816, levelgen mode: classic

46685 Borgoz the Carver (level 14, -2/135 HPs)
             Began as a Gargoyle Berserker on Dec 24, 2019.
             Was an Elder of Trog.
             Slain by a yak (10 damage)
             ... on level 5 of the Lair of Beasts.
             The game lasted 00:32:05 (17209 turns).

Borgoz the Carver (Gargoyle Berserker)             Turns: 17209, Time: 00:32:05

Health: -2/135     AC: 20    Str: 31    XL:     14   Next: 38%
Magic:  14/14      EV: 18    Int: 11    God:    Trog [****..]
Gold:   975        SH:  0    Dex: 13    Spells: 13/13 levels left

rFire    . . .     SeeInvis .   a - +2 scimitar (flame)
rCold    . . .     Gourm    .   (no shield)
rNeg     + . .     Faith    .   r - +0 scale mail
rPois    ∞         Spirit   .   J - +0 hat {Int+3}
rElec    +         Reflect  .   (no cloak)
rCorr    +         Harm     +   n - +0 pair of gloves
MR       +....                  (no boots)
Stlth    ..........             M - amulet of harm
HPRegen  0.32/turn              d - ring of resist corrosion
MPRegen  0.14/turn              v - +4 ring of strength

@: berserking, flying, very quick
A: big wings, negative energy resistance 1, electricity resistance, unbreathing,
petrification resistance, rot immunity, AC +10
a: Stop Flying, Berserk, Trog's Hand, Brothers in Arms, Renounce Religion


You were on level 5 of the Lair of Beasts.
You worshipped Trog.
Trog was greatly pleased with you.
You were hungry.

You visited 2 branches of the dungeon, and saw 15 of its levels.
You also visited: Ice Cave.

You collected 975 gold pieces.

Inventory:

Hand Weapons
 a - a +2 scimitar of flaming (weapon)
 b - a +8 great sword of flaming
 f - the +8 whip "Snakebite" {curare, rPois}
   (You found it on level 1 of the Lair of Beasts)

   It poisons the flesh of those it strikes.
   It protects you from poison.
 I - a +0 scimitar
 N - the +6 rapier "Ejiet" {pain, rN++ Int-3 Dex+3, unknown}
   (You found it on level 5 of the Lair of Beasts)

   In the hands of one skilled in necromantic magic, it inflicts extra damage on
   living creatures.
   It affects your intelligence (-3).
   It affects your dexterity (+3).
   It greatly protects you from negative energy.
Missiles
 g - 5 throwing nets (quivered)
Armour
 n - a +0 pair of gloves (worn)
 r - a +0 scale mail (worn)
 A - a +2 animal skin of cold resistance
 J - a +0 hat of intelligence (worn)
Jewellery
 d - a ring of resist corrosion (left hand)
 i - an uncursed amulet of the acrobat
 s - an uncursed ring of see invisible
 v - a +4 ring of strength (right hand)
 G - an uncursed ring of ice
 H - an uncursed ring of ice
 M - an amulet of harm (around neck)
Wands
 y - a wand of paralysis (16)
 B - a wand of iceblast (7)
 F - a wand of scattershot (6)
 L - a wand of random effects (17)
Scrolls
 h - a scroll of magic mapping
 j - 2 scrolls of fog {unknown}
 k - 8 scrolls of remove curse
 l - a scroll of fear
 m - a scroll of amnesia {unknown}
 w - a scroll of enchant armour {unknown}
 C - 8 scrolls of teleportation
 D - a scroll of holy word {unknown}
 E - 3 scrolls of enchant weapon
 K - a scroll of immolation {unknown}
Potions
 e - 2 potions of might
 o - a potion of cancellation
 q - a potion of resistance
 t - 6 potions of curing
 u - 2 potions of haste
 x - a potion of berserk rage
 z - 2 potions of brilliance
Comestibles
 c - 17 rations
 p - 2 chunks of flesh


   Skills:
 + Level 11.0 Fighting
 * Level 13.3 Long Blades
 + Level 11.3 Armour
 * Level 12.2 Dodging


You had 13 spell levels left.
You didn't know any spells.
Your spell library was empty.

Dungeon Overview and Level Annotations

Branches:
Dungeon (9/15)             Temple (0/1) D:7            Lair (6/6) D:9
 Shoals (0/4) Lair:2       Spider (0/4) Lair:3        Slime (0/5) Lair:5
  IceCv (visited)
    Orc: D:9-12

Altars:
Gozag
Sif Muna
The Shining One

Annotations:
D:6 2 transporters, vishdafish's ghost, novice NaFi


Innate Abilities, Weirdness & Mutations

You are resistant to torment.
Your stone body is resilient. (AC +10)
You are immune to poison.
Your large and strong wings let you fly indefinitely.
You resist negative energy. (rN+)
You are resistant to electric shocks. (rElec)
You can survive without breathing.
You are immune to petrification.
You are immune to rotting.


Message History

The yak barely misses you.
You hit the spiny frog but do no damage.
The spiny frog is moderately wounded.
The spiny frog stings you!
* * * LOW HITPOINT WARNING * * *
The yak gores you but does no damage.
Unknown command.
You hit the spiny frog. You burn the spiny frog.
The spiny frog is moderately wounded.
The yak closely misses you.
You riposte.
You slash the yak! You burn the yak.
The yak is heavily wounded.
The yak gores you.
* * * LOW HITPOINT WARNING * * *
You slice the yak!! You burn the yak.
You kill the yak!
The yak's corpse dissolves into shadows!
The spiny frog barely misses you.
You riposte.
You barely miss the spiny frog.
The spiny frog is moderately wounded.
The yak gores you!
You die...

#.......#.###
## #....#.
#..##...###
###...#
.......#.##
##..#
........#.#
##..
..........#
##..
.[..>...###
#P.#
.........##
###.
#.....YY..#
##
#....yF@.## #
.....YF##.# #
#....Y.. ## #
#......##. #
#........##
### ###
##........#.
#.###..
#.........#
##(....
###.........#
##....
#............
##.....


You could see 4 yaks, 2 spiny frogs and a meliai.

Vanquished Creatures
  Gastronok (Lair:2)
  A frost giant (IceCv)
  Harold (D:7)
  2 hydras
  Erica (D:8)
  2 death yaks (IceCv)
  A necromancer (Lair:3)
  6 black mambas
  7 elephants
  An ice statue (IceCv)
  2 merfolk sirens (Lair:2)
  9 spiny frogs
  4 komodo dragons
  5 rime drakes
  A queen bee (Lair:5)
  2 merfolk (Lair:2)
  5 jumping spiders (Lair:3)
  12 polar bears (IceCv)
  2 meliai (Lair:5)
  5 blink frogs (Lair:3)
  10 hippogriffs
  11 dream sheep
  44 yaks
  2 redbacks (Lair:3)
  A wyvern (Lair:6)
  5 basilisks
  Grum (D:9)
  A hungry ghost (D:8)
  A warg (Lair:6)
  17 water moccasins
  A hell hound (Lair:6)
  16 porcupines
  An orc warrior (D:9)
  2 elephant zombies (Lair:3)
  A sky beast (D:4)
  3 black bears
  An ice beast (D:8)
  2 ogres
  7 necrophages
  24 wolves
  3 centaurs
  10 crocodiles
  2 big kobolds
  Blork the orc (D:6)
  14 bullfrogs
  14 killer bees
  3 wights (D:6)
  3 electric eels
  3 howler monkeys (D:8)
  5 crimson imps
  6 orc priests
  2 quasits
  A centaur zombie (D:9)
  2 jellies
  A bullfrog zombie (D:6)
  A basilisk zombie (Lair:3)
  A centaur skeleton (D:9)
  3 hounds
  2 iguanas (D:4)
  5 orc wizards
  6 worker ants
  4 gnolls (D:4)
  12 adders
  3 shadow imps
  2 oozes
  An adder skeleton (D:5)
  5 worms
  3 dart slugs
  3 leopard geckos
  29 orcs
  A ball python (D:1)
  3 giant cockroaches
  6 goblins
  5 hobgoblins
  8 jackals
  16 kobolds
  4 quokkas
  A ball python skeleton (D:6)
  10 bats
  4 frilled lizards
  A jackal skeleton (D:5)
  A leopard gecko skeleton (D:4)
  A quokka skeleton (D:9)
  5 rats
  A fungus (Lair:5)
  15 plants (Lair:4)
453 creatures vanquished.

Vanquished Creatures (collateral kills)
  5 elephants (Lair:3)
5 creatures vanquished.

Vanquished Creatures (others)
  4 fungi
  3 plants
7 creatures vanquished.

Grand Total: 465 creatures vanquished

Notes
Turn   | Place    | Note
-------+----------+-------------------------------------------
     0 | D:1      | Borgoz the Gargoyle Berserker began the quest for the Orb.
     0 | D:1      | Reached XP level 1. HP: 14/14 MP: 1/1
   207 | D:1      | Reached XP level 2. HP: 19/19 MP: 2/2
   209 | D:1      | Reached skill level 3 in Long Blades
   541 | D:1      | Reached XP level 3. HP: 23/23 MP: 3/3
   796 | D:2      | Found an opulent altar of Gozag.
   820 | D:2      | Reached ** piety under Trog
   832 | D:2      | Reached XP level 4. HP: 25/28 MP: 4/4
   935 | D:2      | Found a glowing golden altar of the Shining One.
  1247 | D:3      | Reached XP level 5. HP: 32/32 MP: 5/5
  1265 | D:3      | Reached skill level 4 in Long Blades
  2360 | D:4      | Reached XP level 6. HP: 18/37 MP: 6/6
  3140 | D:4      | Noticed a sky beast
  3322 | D:4      | Killed a sky beast
  3322 | D:4      | Reached skill level 5 in Long Blades
  3322 | D:4      | Reached XP level 7. HP: 41/41 MP: 7/7
  3492 | D:4      | Reached *** piety under Trog
  3678 | D:5      | Entered Level 5 of the Dungeon
  4356 | D:5      | Reached XP level 8. HP: 20/48 MP: 8/8
  4619 | D:5      | Noticed Prince Ribbit
  4620 | D:5      | Noticed Prince Ribbit
  4620 | D:5      | Prince Ribbit changed into Prince Ribbit the crocodile
  4635 | D:5      | Killed Prince Ribbit the crocodile
  4862 | D:6      | Reached skill level 5 in Dodging
  4910 | D:6      | Reached skill level 6 in Long Blades
  4910 | D:6      | Reached skill level 5 in Armour
  5464 | D:6      | Noticed Blork the orc
  5479 | D:6      | Killed Blork the orc
  5564 | D:6      | Noticed a hornet
  5587 | D:6      | Found a transporter.
  5594 | D:6      | Found a transporter.
  5595 | D:6      | Noticed vishdafish's ghost (novice NaFi)
  5916 | D:7      | Got a pitted flail
  5917 | D:7      | Identified the +5 flail of the Unseen Realm {crush, rC+}
                  | (You found it on level 7 of the Dungeon)
  5955 | D:7      | Reached **** piety under Trog
  5955 | D:7      | Reached XP level 9. HP: 40/53 MP: 9/9
  6202 | D:7      | Found a staircase to the Ecumenical Temple.
  6417 | D:8      | Noticed Harold
  6439 | D:7      | Reached skill level 5 in Fighting
  6439 | D:7      | Reached skill level 7 in Long Blades
  6441 | D:7      | Killed Harold
  6730 | D:8      | Reached skill level 8 in Long Blades
  6769 | D:8      | Reached XP level 10. HP: 58/60 MP: 10/10
  6916 | D:8      | Noticed Erica
  6932 | D:8      | Killed Erica
  7418 | D:9      | Found a staircase to the Lair.
  7638 | D:9      | Reached skill level 9 in Long Blades
  7843 | D:9      | Noticed Grum
  7862 | D:9      | Killed Grum
  8306 | Lair:1   | Entered Level 1 of the Lair of Beasts
  8317 | Lair:1   | Reached XP level 11. HP: 28/67 MP: 11/11
  8320 | Lair:1   | Reached ***** piety under Trog
  8320 | Lair:1   | Received a gift from Trog
  9077 | Lair:1   | Reached skill level 10 in Long Blades
  9806 | Lair:1   | Found the +8 whip "Snakebite" {curare, rPois}
 10196 | Lair:2   | Found a frozen archway.
 10242 | IceCv    | Entered an ice cave
 10448 | IceCv    | Reached XP level 12. HP: 32/75 MP: 12/12
 10791 | IceCv    | Received a gift from Trog
 11055 | IceCv    | Reached skill level 11 in Long Blades
 11069 | IceCv    | Reached skill level 10 in Dodging
 11271 | IceCv    | Noticed a death yak
 11312 | IceCv    | Killed a death yak
 11522 | IceCv    | Noticed a frost giant
 11522 | IceCv    | Noticed a death yak
 11535 | IceCv    | Killed a death yak
 11539 | IceCv    | Killed a frost giant
 11639 | Lair:2   | Reached skill level 10 in Armour
 11651 | Lair:2   | Reached XP level 13. HP: 67/80 MP: 13/13
 11992 | Lair:2   | Noticed Gastronok
 12004 | Lair:2   | Killed Gastronok
 12004 | Lair:2   | Reached skill level 12 in Long Blades
 12127 | Lair:2   | Found a shimmering blue altar of Sif Muna.
 12352 | Lair:2   | Found a staircase to the Shoals.
 12601 | Lair:2   | Reached skill level 10 in Fighting
 13716 | Lair:3   | Found a hole to the Spider Nest.
 15315 | Lair:4   | Gained mutation: Your large and strong wings let you fly
                  | indefinitely. [Gargoyle growth]
 15315 | Lair:4   | Reached XP level 14. HP: 78/88 MP: 14/14
 15866 | Lair:5   | Got a crude rapier
 16304 | Lair:5   | Reached skill level 13 in Long Blades
 16386 | Lair:5   | You are sucked into a shaft and drop 1 floor!
 16386 | Lair:6   | Entered Level 6 of the Lair of Beasts
 17189 | Lair:5   | Found a staircase to the Slime Pits.
 17209 | Lair:5   | Slain by a yak

Levels and vault maps discovered:
D:1:      beargit_arrival_greenhouse, layout_loops_ring
D:2:      layout_basic, nicolae_gozag_cash_rules_everything_around_me,
          tso_metal_star
D:3:      cheibrodos_old_hovel, layout_basic
D:4:      layout_basic, first_ration, grunt_ministairs_2
D:5:      layout_basic, uniq_prince_ribbit1
D:6:      layout_cave_pools, gammafunk_ghost_hive, st_stairs_11,
          uniq_blork_the_orc
D:7:      layout_cave_pools, minmay_temple_entry_proselytizer
D:8:      layout_rooms, uniq_erica, uniq_harold
D:9:      layout_irregular_city, david_lair_generic, uniq_grum
Lair:1:   minmay_guarded_unrand_snakebite, layout_hall_layers,
          grunt_megastairs_2
Lair:2:   layout_cave_pods, elwin_shoals_entry_stream, portal_ice_cave_rime,
          basic_altar, nicolae_quartered_pool_little, uniq_gastronok
Lair:3:   pond_and_an_island_with_a_cottage, layout_small_grid,
          nicolae_spider_entry_tight_spaces, chequers_serial_rivers_micro_b
Lair:4:   layout_loops_ring, wad_woods_river_04
Lair:5:   layout_cave_pods, minmay_slime_entry_oklob_open, special_room
          [special_room_bee], roderic_carrion_pond
Lair:6:   hangedman_lair_tendril_chambers, layout_gridlike,
          hangedman_lair_caniforms_friends, chequers_serial_rivers_small_3,
          patterned_corridor

Skill      XL: |  1  2  3  4  5  6  7  8  9 10 11 12 13 14 |
---------------+-------------------------------------------+-----
Long Blades    | 3 4 5 6 8 9 10 11 12 13 | 13.3
Dodging        | 2 3 4 5 7 8 9 10 11 12 | 12.2
Armour         | 3 4 5 6 7 8 10 11 | 11.3
Fighting       | 4 5 7 8 9 10 11 | 11.0

Action                   |  1- 3 |  4- 6 |  7- 9 | 10-12 | 13-15 || total
-------------------------+-------+-------+-------+-------+-------++-------
Melee: Falchion          |    69 |   246 |   412 |       |       ||   727
       Scimitar          |       |       |   113 |   648 |   646 ||  1407
       Flail             |       |       |    19 |       |       ||    19
Throw: Throwing net      |       |       |       |     2 |       ||     2
Invok: Berserk           |     1 |     4 |     7 |    13 |     3 ||    28
       Trog's Hand       |       |     1 |       |     7 |     3 ||    11
       Brothers in Arms  |       |       |       |       |     1 ||     1
 Abil: Fly               |       |       |       |       |     1 ||     1
Evoke: Wand              |       |       |     1 |       |       ||     1
  Use: Scroll            |       |     5 |     7 |     7 |     7 ||    26
       Potion            |       |       |     1 |     3 |       ||     4
  Eat: Chunk             |     1 |    11 |    24 |    26 |    19 ||    81
       Ration            |       |       |       |     2 |     1 ||     3
Armor: Ring mail         |    31 |    24 |       |       |       ||    55
       Scale mail        |       |    70 |   287 |   277 |   205 ||   839
Dodge: Dodged            |    58 |   155 |   419 |   526 |   435 ||  1593
Block: Other             |       |     9 |       |       |       ||     9
       Rpst.: Falchion   |    19 |    51 |    81 |       |       ||   151
       Scimitar          |       |       |    33 |   135 |   106 ||   274

Table legend:
 A = Non-vault XP
 B = Vault XP
 C = Vault XP percentage of total XP
 D = Non-vault monster count
 E = Vault monster count
 F = Vault count percentage of total count
                 A         B        C        D         E       F
            +---------+---------+-------+---------+---------+-------
      Total |   34787 |   31906 |  47.8 |     303 |     139 |  31.4
            +---------+---------+-------+---------+---------+-------
        D:1 |      38 |       0 |   0.0 |      17 |       0 |   0.0
        D:2 |     106 |       0 |   0.0 |      21 |       0 |   0.0
        D:3 |     126 |       2 |   1.6 |      23 |       1 |   4.2
        D:4 |     441 |      91 |  17.1 |      29 |       6 |  17.1
        D:5 |     490 |     103 |  17.4 |      16 |       1 |   5.9
        D:6 |     540 |     241 |  30.9 |      11 |       4 |  26.7
        D:7 |     578 |    1053 |  64.6 |      15 |       2 |  11.8
        D:8 |    1484 |     918 |  38.2 |      25 |       1 |   3.8
        D:9 |    1354 |    1362 |  50.1 |      28 |       8 |  22.2
     Lair:1 |    5127 |    2369 |  31.6 |      25 |      14 |  35.9
     Lair:2 |    4546 |    4432 |  49.4 |      18 |       7 |  28.0
     Lair:3 |    4617 |    2837 |  38.1 |      21 |      11 |  34.4
     Lair:4 |    7565 |       0 |   0.0 |      27 |       0 |   0.0
     Lair:5 |    3811 |    2135 |  35.9 |      14 |      18 |  56.2
     Lair:6 |    3964 |    2347 |  37.2 |      13 |      12 |  48.0
      IceCv |       0 |   14016 | 100.0 |       0 |      54 | 100.0
            +---------+---------+-------+---------+---------+-------
